 Dungeon Crawl Stone Soup version 0.17-a0-1468-gbf503c2 (webtiles) character file.

157 patman the Slasher (level 5, -5/38 HPs)
             Began as a Vampire Gladiator on July 1, 2015.
             Killed from afar by Terence (8 damage)
             ... with a wand of frost
             ... on level 3 of the Dungeon.
             The game lasted 00:05:12 (2375 turns).

patman the Slasher (Vampire Gladiator)              Turns: 2375, Time: 00:05:12

Health: -5/38      AC:  8    Str: 14    XL:     5   Next: 15%
Magic:  5/5        EV: 13    Int: 10    God:
Gold:   154        SH:  0    Dex: 16    Spells: 0 memorised, 4 levels left

rFire  . . .     SeeInvis +     a - +0 long sword
rCold  . . .     Clarity  .     w - +3 leather armour
rNeg   . . .     SustAt   +     (no shield)
rPois  .         Gourm    .     c - +0 helmet
rElec  .         Spirit   .     v - +0 cloak
rCorr  .         Warding  .     (no gloves)
rMut   .         Stasis   .     (no boots)
MR     .....                    (no amulet)
Stlth  +.........               (no ring)
                                p - ring of sustain attributes

@: regenerating quickly, not resistant to hostile enchantments, very unstealthy
A: fangs 3, see invisible, unbreathing
a: no special abilities


You were on level 3 of the Dungeon.
You were very full.

You visited 1 branch of the dungeon, and saw 4 of its levels.

You collected 154 gold pieces.

Inventory:

Hand weapons
 a - a +0 long sword (weapon)
Missiles
 d - 3 throwing nets
 n - 4 tomahawks (quivered)
Armour
 c - a +0 helmet (worn)
 v - a +0 cloak (worn)
 w - a +3 leather armour (worn)
Jewellery
 p - a ring of sustain attributes (left hand)
Scrolls
 e - a scroll of fog {unknown}
 g - a scroll of magic mapping {unknown}
 i - a scroll of random uselessness {unknown}
 l - a scroll of noise {unknown}
 o - a scroll of enchant armour {unknown}
 q - a scroll of remove curse {unknown}
 s - a scroll of recharging {unknown}
 y - a scroll of fear {unknown}
Potions
 b - a potion of resistance {unknown}
 f - a potion of flight {unknown}
 h - 7 potions of blood
 j - 2 potions of lignification {unknown}
 k - 2 potions of might {unknown}
 m - 2 potions of berserk rage {unknown}
 r - a potion of poison {unknown}
 u - a potion of ambrosia {unknown}
 x - a potion of degeneration {unknown}
 z - a potion of agility {unknown}
 A - a potion of curing {unknown}
Books
 t - a book of Minor Magic

   Spells                             Type                      Level
   a - Magic Dart                     Conjuration                  1
   b - Blink                          Translocation                2
   c - Call Imp                       Summoning                    2
   d - Repel Missiles                 Charms/Air                   2
   e - Slow                           Hexes                        2
   f - Conjure Flame                  Conjuration/Fire             3
   g - Mephitic Cloud                 Conjuration/Poison/Air       3


   Skills:
 - Level 1.7 Fighting
 + Level 5.9 Long Blades
 - Level 1.5 Throwing
 - Level 3.2 Dodging


You had 4 spell levels left.
You didn't know any spells.

Dungeon Overview and Level Annotations

Branches:
Dungeon (4/15)
 Temple: D:4-7

Altars:
Elyvilon

Annotations:
D:3 Terence


Innate Abilities, Weirdness & Mutations

Your natural rate of healing is unusually fast.
You have razor-sharp teeth.
You have supernaturally acute eyesight.
You can survive without breathing.


Message History

Unknown command.
You barely miss Terence. Terence barely misses you.
You hit Terence.
Terence is moderately wounded.
Terence hits you with a short sword of speed.
You hit Terence but do no damage.
Terence is moderately wounded.
Terence hits you with a short sword of speed.
Terence zaps a wand.
The puff of frost hits you!
You hit Terence but do no damage.
Terence is moderately wounded.
Terence zaps a wand.
The puff of frost hits you!
* * * LOW HITPOINT WARNING * * *
Terence zaps a wand.
The puff of frost hits you!
* * * LOW HITPOINT WARNING * * *
An orc comes into view. It is wielding a flail.
The orc shouts!
The orc shouts!
Terence zaps a wand.
The puff of frost hits you!
You die...

.##....##..##.#.# #.......#
.##........##.#.# ###.#####
.#####.###.##.#.# #...#
.......###.##.#.## #...#####
###..............# #.)...... #
#.........>....# #####...#####
#
#[...........#.####...........#
#
#..........#.@..o...o..........
#
#....).......#@####...........#
# #..............#
#####...##### #
#..............## #........ #
#########.......# #...#####
#.#..##.# #...#
#.#..##.########.## .#
#.#.###...........##### ....
.#.#.###.###.#.##......# .###
....)....###.#.###.###.#


You could see Terence and 2 orcs.

Vanquished Creatures
  Crazy Yiuf (D:2)
  Ijyb (D:3)
  A worker ant zombie (D:3)
  2 adders
  An ooze (D:1)
  2 worms
  2 giant geckos
  An orc (D:3)
  2 giant cockroaches (D:1)
  10 goblins
  7 hobgoblins
  2 jackals (D:1)
  6 kobolds
  A quokka (D:3)
  A ball python (D:1)
  10 bats
  2 giant newts
  6 rats
58 creatures vanquished.

Vanquished Creatures (others)
  A goblin (D:2)
1 creature vanquished.

Grand Total: 59 creatures vanquished

Notes
Turn   | Place    | Note
--------------------------------------------------------------
     0 | D:1      | patman the Vampire Gladiator began the quest for the Orb.
     0 | D:1      | Reached XP level 1. HP: 16/16 MP: 1/1
    67 | D:1      | Reached XP level 2. HP: 22/22 MP: 2/2
   124 | D:1      | Reached skill level 4 in Long Blades
   541 | D:1      | Reached XP level 3. HP: 27/27 MP: 3/3
  1156 | D:2      | Noticed Crazy Yiuf
  1165 | D:2      | Killed Crazy Yiuf
  1165 | D:2      | Reached skill level 5 in Long Blades
  1165 | D:2      | Reached XP level 4. HP: 33/33 MP: 4/4
  1211 | D:2      | Found a white marble altar of Elyvilon.
  1673 | D:3      | Noticed Ijyb
  1709 | D:3      | Killed Ijyb
  1911 | D:3      | Reached XP level 5. HP: 38/38 MP: 5/5
  2189 | D:3      | Noticed Terence
  2375 | D:3      | Killed from afar by Terence

Vault maps used:
D:1:      minmay_arrival_four_houses
D:2:      elyvilon_altar_4, kennysheep_generic_room_16, uniq_crazy_yiuf_cottage
D:3:      first_bread, uniq_iyjb, uniq_terence

Action                   |  1- 3 |  4- 6 || total
-------------------------+-------+-------++-------
Melee: Long sword        |    88 |   135 ||   223
Throw: Tomahawk          |     3 |       ||     3
  Use: Potion            |     3 |     1 ||     4
 Stab: Sleeping          |     2 |     1 ||     3
  Eat: Corpse            |     9 |     6 ||    15
